 Dungeon Crawl Stone Soup version 0.30.1-5-ged363bc7ee (webtiles) character file.

Game seed: 1023881561032041312

423 safid the Chiller (level 6, -1/48 HPs)
             Began as a Merfolk Ice Elementalist on Sept 19, 2023.
             Slain by an iguana (10 damage)
             ... on level 5 of the Dungeon.
             The game lasted 00:03:51 (4253 turns).

safid the Chiller (Merfolk Ice Elementalist)        Turns: 4253, Time: 00:03:52

Health: -1/48      AC:  3    Str:  9    XL:     6   Next: 95%
Magic:  12/12      EV: 12    Int: 16    God:
Gold:   258        SH:  0    Dex: 14    Spells: 6/13 levels left

rFire   . . .        p - +2 dagger (flame)
rCold   . . .        (no shield)
rNeg    . . .        a - +0 robe
rPois   .            q - +0 helmet
rElec   .            (no cloak)
rCorr   .            (no gloves)
SInv    +            (no boots)
Will    .....        (no amulet)
Stlth   ++           y - ring of see invisible
HPRegen 0.28/turn    (no ring)
MPRegen 0.13/turn

%: no passive effects
@: no status effects
A: (nimble swimmer 2), mertail
a: no special abilities


You were on level 5 of the Dungeon.
You visited 1 branch of the dungeon, and saw 5 of its levels.

You collected 258 gold pieces.

Inventory:

Hand Weapons
 p - a +2 dagger of flaming (weapon)
Armour
 a - a +0 robe (worn)
 q - a +0 helmet (worn)
Jewellery
 y - a ring of see invisible (left hand)
 A - the amulet of Ecuf {rElec Will+ Regen+ Int-2}
   (You found it on level 5 of the Dungeon)

   [amulet of regeneration]

   Int:       It affects your intelligence (-2).
   rElec:     It insulates you from electricity.
   Regen:     It increases your rate of health regeneration.
   Will:      It increases your willpower.
Wands
 w - a wand of roots (8)
 x - a wand of mindburst (12)
Scrolls
 d - 4 scrolls of poison {unknown}
 e - 2 scrolls of vulnerability {unknown}
 f - a scroll of immolation {unknown}
 g - a scroll of enchant weapon {unknown}
 h - 2 scrolls of blinking {unknown}
 j - 2 scrolls of teleportation {unknown}
 m - a scroll of noise {unknown}
 n - a scroll of fear {unknown}
 o - 2 scrolls of identify {unknown}
 z - a scroll of silence {unknown}
Potions
 b - 3 potions of magic
 c - 3 potions of resistance {unknown}
 i - a potion of haste {unknown}
 k - a potion of might {unknown}
 l - a potion of attraction {unknown}
 r - a potion of flight {unknown}
 s - 3 potions of lignification {unknown}
 t - a potion of degeneration {unknown}
 u - 2 potions of curing {unknown}
 v - a potion of cancellation {unknown}


   Skills:
 + Level 4.1 Fighting
 - Level 2.6 Dodging
 - Level 2.1 Stealth
 + Level 4.0 Spellcasting
 + Level 6.2 Ice Magic


You had 6 spell levels left.
You knew the following spells:

 Your Spells              Type           Power      Damage    Failure   Level
a - Freeze                Ice            92%        1d9       1%          1
b - Frozen Ramparts       Ice            46%        1d7       3%          3
c - Ozocubu's Armour      Ice            23%        N/A       3%          3

Your spell library contained the following spells:

 Spells                   Type           Power      Damage    Failure   Level
 Lesser Beckoning         Tloc           6%         N/A       26%         2
 Summon Ice Beast         Ice/Summ       13%        N/A       43%         4
 Gell's Gravitas          Tloc           3%         N/A       45%         3
 Teleport Other           Tloc           3%         N/A       45%         3
 Volatile Blastmotes      Fire/Tloc      6%         2d10      45%         3
 Fulminant Prism          Conj/Hex       1%         3d5       86%         4
 Iskenderun's Mystic Bla  Conj/Tloc      3%         2d3       86%         4
 Lee's Rapid Deconstruct  Erth           1%         3d4*      99%         5


Dungeon Overview and Level Annotations

Branches:
Dungeon (5/15)
 Temple: D:4-7

Altars:
Qazlal

Shops:
D:5 *

Annotations:
D:3 3 runed translucent doors, Kurtz's ghost, amateur TeFi
D:5 2 transporters, Psyclone's ghost, amateur OpVM


Innate Abilities, Weirdness & Mutations

((You are very nimble when in or above water. (Stealth+, EV+, Speed+++)))
Your lower body shifts to a powerful aquatic tail in water.


Message History

The quokka is heavily wounded.
The quokka bites you.
You hit the quokka. You burn the quokka.
The quokka is almost dead.
The quokka bites you. The quokka misses you.
You hit the quokka. You burn the quokka.
You kill the quokka!
No target in view!
No target in view!
You see here a +0 quarterstaff.
There is a transporter landing site here.
You see here a +0 ring mail.
An iguana comes into view.
An iguana is nearby!
Found a stone staircase leading down. 2 gnolls come into view.
The gnoll shouts!
You hear a shout! 2 gnolls come into view.
The iguana hisses angrily.
The gnoll shouts! x2
The gnoll throws a throwing net.
The throwing net completely misses you.
A gnoll sergeant and a gnoll come into view.
The gnoll sergeant is wielding a +2 spear of flaming.
The gnoll sergeant shouts!
The iguana barely misses you.
You closely miss the iguana. The iguana bites you!
The gnoll shouts!
You hit the iguana. You burn the iguana.
The iguana is moderately wounded.
The gnoll hits you with a +0 flail. The iguana bites you!
Unknown command.
The iguana attacks as you move away! The iguana bites you!
* * * LOW HITPOINT WARNING * * *
The gnoll attacks as you move away! The gnoll closely misses you.
The iguana attacks as you move away! The iguana misses you.
The gnoll attacks as you move away! The gnoll barely misses you.
You see here a throwing net.
The iguana attacks as you move away!
The iguana bites you but does no damage.
The iguana attacks as you move away! The iguana bites you!
You die...

#...#...# 8... #.
#...##..# ##.. #.
##...#..#.....©....
#...#..#..##...##.
#......#..#8...8#.
####.....#..##...##.
#........#..........
#.l.#....#..Z..)$...
#####.#@.....###########
##..ggg#..<....[....©....
##.....g#.................
#......g#.......#.####..##
#.......#.......#..###....
#......g##########.##..###
##......# #.##.## #
....>..# #..#.# #.......#
##...# #


You could see an iguana.

Vanquished Creatures
  A phantom (D:5)
  A scorpion (D:5)
  2 hounds (D:5)
  2 jellies
  A sleepcap (D:5)
  3 gnolls (D:3)
  2 adders
  2 worms (D:2)
  12 orcs
  9 bats
  6 endoplasms
  3 giant cockroaches
  3 goblins
  4 hobgoblins
  6 quokkas
  8 ball pythons
  5 kobolds
  7 rats
77 creatures vanquished.

Notes
Turn   | Place    | Note
-------+----------+-------------------------------------------
     0 | D:1      | safid the Merfolk Ice Elementalist began the quest for the
                  | Orb.
     0 | D:1      | Reached XP level 1. HP: 13/13 MP: 3/3
   332 | D:1      | Reached XP level 2. HP: 17/20 MP: 5/5
   515 | D:1      | Reached skill level 1 in Fighting
   982 | D:2      | Reached XP level 3. HP: 26/26 MP: 6/6
  1010 | D:2      | Learned a level 3 spell: Frozen Ramparts
  1558 | D:3      | Found a runed translucent gate.
  1558 | D:3      | Found a runed translucent gate.
  1558 | D:3      | Found a runed translucent gate.
  1718 | D:3      | Noticed Kurtz's ghost (amateur TeFi)
  2004 | D:3      | Reached skill level 5 in Ice Magic
  2004 | D:3      | Reached XP level 4. HP: 26/33 MP: 4/8
  3169 | D:4      | Reached XP level 5. HP: 20/39 MP: 9/9
  3254 | D:4      | You fall into a shaft and drop 1 floor!
  3254 | D:5      | Entered Level 5 of the Dungeon
  3553 | D:5      | Reached XP level 6. HP: 19/47 MP: 1/11
  3557 | D:5      | Learned a level 3 spell: Ozocubu's Armour
  3802 | D:5      | Found a transporter.
  3802 | D:5      | Noticed Psyclone's ghost (amateur OpVM)
  3809 | D:5      | Found Ropniot's General Store.
  3837 | D:5      | Identified the amulet of Ecuf {rElec Will+ Regen+ Int-2}
  3857 | D:5      | Found a stormy altar of Qazlal.
  3905 | D:5      | Reached skill level 6 in Ice Magic
  4111 | D:5      | Found a transporter.
  4253 | D:5      | Slain by an iguana

Illustrated notes

Levels and vault maps discovered:
D:1:      elethiomel_arrival_shortcut, layout_loops_ring
D:2:      layout_basic
D:3:      layout_loops_corners, gammafunk_ghost_icy, serial_bayou_ford_a,
          amcnicky_mini_rare_corridor_liquid
D:4:      minmay_bubble_buster, layout_cave_pools
D:5:      layout_rooms, mainiacjoe_overflow_six_doors_small,
          gammafunk_ghost_mausoleum, nicolae_take_the_stairs

Skill      XL: |  1  2  3  4  5  6 |
---------------+-------------------+-----
Fighting       | 1 2 3 4 |  4.1
Ice Magic      | 5 6 |  6.2
Spellcasting   | 3 4 |  4.0
Dodging        | |  2.6
Stealth        | |  2.1

Action                     |  1- 3 |  4- 6 || total
---------------------------+-------+-------++-------
  Melee: Dagger            |    89 |   102 ||   191
         Punch             |       |     1 ||     1
   Cast: Freeze            |     7 |    14 ||    21
         Frozen Ramparts   |       |     7 ||     7
         Ozocubu's Armour  |       |     3 ||     3
   Stab: Sleeping          |     7 |     4 ||    11
         Distracted        |     1 |       ||     1
 Armour: Robe              |    18 |    22 ||    40
  Dodge: Dodged            |    55 |    90 ||   145
